 Dungeon Crawl Stone Soup version 0.17.0-24-gcfadda4 (console) character file.

3121 gw the Basher (level 9, -4/81 HPs)
             Began as a Deep Dwarf Fighter on Nov 18, 2015.
             Slain by an orc knight
             ... wielding a +0 halberd
              (10 damage)
             ... in a bailey.
             The game lasted 00:04:26 (2282 turns).

gw the Basher (Deep Dwarf Fighter)                  Turns: 2282, Time: 00:04:27

Health: -4/81      AC:  7    Str: 19    XL:     9   Next: 60%
Magic:  0/0        EV:  6    Int: 10    God:
Gold:   240        SH: 11    Dex: 15    Spells: 0 memorised, 8 levels left

rFire  . . .     SeeInvis .     a - +0 flail
rCold  . . .     Clarity  .     g - +0 chain mail
rNeg   . . .     SustAt   .     c - +0 shield
rPois  .         Gourm    .     (no helmet)
rElec  .         Spirit   .     (no cloak)
rCorr  .         Warding  .     (no gloves)
rMut   .         Stasis   .     (no boots)
MR     +....                    (no amulet)
Stlth  ..........               o - -3 ring of protection (curse)
                                k - ring of loudness (curse)

@: non-regenerating, somewhat resistant to hostile enchantments, extremely
unstealthy
A: damage resistance, recharge devices, sense surroundings 2, slow regeneration
3
a: Device Recharging


You were in a bailey.
You were not hungry.

You visited 1 branch of the dungeon, and saw 10 of its levels.
You also visited: Bailey.

You collected 240 gold pieces.

Inventory:

Hand Weapons
 a - a +0 flail (weapon)
Missiles
 s - 78 stones (quivered)
Armour
 c - a +0 shield (worn)
 g - a +0 chain mail (worn)
Jewellery
 k - a cursed ring of loudness (left hand)
 o - a cursed -3 ring of protection (right hand)
Wands
 e - a wand of heal wounds (0)
 t - a wand of disintegration (18)
 y - a wand of invisibility (3)
Scrolls
 h - a scroll of magic mapping {unknown}
 n - a scroll of immolation {unknown}
 q - a scroll of enchant armour {unknown}
 u - a scroll of teleportation {unknown}
 v - 3 scrolls of identify {unknown}
Potions
 b - 3 potions of haste {unknown}
 d - 2 potions of might
 i - a potion of cure mutation {unknown}
 j - 2 potions of curing {unknown}
 m - a potion of poison {unknown}
 p - a potion of brilliance {unknown}
 z - a potion of agility {unknown}
Comestibles
 f - 2 bread rations
 l - 3 meat rations
 r - a royal jelly
 w - a slice of pizza
 x - a chunk of flesh


   Skills:
 + Level 5.6 Fighting
 * Level 8.2 Maces & Flails
 + Level 4.7 Throwing
 + Level 6.4 Armour
 + Level 6.8 Shields
 + Level 2.6 Evocations


You had 8 spell levels left.
You didn't know any spells.

Dungeon Overview and Level Annotations

Branches:
Dungeon (11/15)            Temple (0/1) D:7
   Lair: D:8-11         Orc: D:9-12

Altars:
Gozag
Zin

Annotations:
D:4 gw's ghost, weakling DDGl


Innate Abilities, Weirdness & Mutations

You are resistant to damage.
You can recharge devices by infusing magical energy.
You passively map the area around you.
You do not regenerate naturally.


Message History

You block the orc's attack.
ATTACK MOVE TO (1,-1)
The orc shouts!
You hit the orc.
The orc is severely wounded.
You block the orc knight's attack.
The orc knight roars a battlecry!
The orcs go into a battle-frenzy!
The orc knight hits you from afar with a halberd!
The orc knight barely misses you. The orc hits you with a halberd!
ATTACK MOVE TO (1,-1)
You closely miss the orc.
The orc is severely wounded.
The orc warrior hits you from afar with a trident!!
You block the orc knight's attack. x2
The orc hits you with a halberd!
The orc knight roars a battlecry!
The orc goes into a battle-frenzy!
The orc knight hits you from afar with a halberd!
You die...

##..~~~~~~~..##
##..~~....o~~..##
##########..~~..###.o~~..#####
#..........~~..## ##oo~~......
#.~~~~~~~~~~).##.\.##oo~~~~~~~
#.~........).## ....##...o...o
#.~.#########'###'############
#.~.## , ##.ooo.....* ,, #
#.~..## ##.g~¤~¤~~~., ##
#.~~..##,##..~~o.¤..¤~, * ##.
#\.~~..#'#.o~~oo}}}¤.~ #.o
##.~~..#'#..~~o..}.¤¤~~ '#.o
#.~~..##.##o.~¤.....~~, * ##.
#.~.)##...#'.o~~¤~~~~.,* , ##
#.~.##.....##......... ,$$.#
#.~.#############'### ####
#.~..........## .. * #####


You could see 4 orc knights, an orc warrior (frenzied) and 5 orcs.

Table legend:
 A = Turns spent in this place as a percentage of turns spent in the entire game.
 B = Non-inter-level travel turns spent in this place as a percentage of non-inter-level travel turns spent in the entire game.
 C = Inter-level travel turns spent in this place as a percentage of turns spent in this place.
 D = Turns resting spent in this place as a percentage of non-inter-level travel turns spent in this place.
 E = Turns spent auto-exploring this place as a percentage of non-inter-level travel turns spent in this place.
 F = Non-inter-level travel turns spent in this place divided by the number of levels of this place that you've seen.
                   A       B       C       D       E      F
               +-------+-------+-------+-------+-------+----------------------
         Total | 100.0 | 100.0 |   0.3 |   0.0 |   2.1 | 654.8
       Dungeon |  84.4 |  84.4 |   0.3 |   0.0 |   1.8 | 607.7
        Bailey |  15.6 |  15.6 |   0.0 |   0.0 |   3.8 | 1126.0
               +-------+-------+-------+-------+-------+----------------------

Table legend:
 A = Kills in this place as a percentage of kills in entire the game.
 B = Kills by you in this place as a percentage of kills by you in the entire game.
 C = Kills by friends in this place as a percentage of kills by friends in the entire game.
 D = Other kills in this place as a percentage of other kills in the entire game.
 E = Experience gained in this place as a percentage of experience gained in the entire game.
 F = Experience gained in this place divided by the number of levels of this place that you have seen.
                   A       B       C       D       E      F
               +-------+-------+-------+-------+-------+----------------------
         Total | 100.0 | 100.0 |  -nan |  -nan | 100.0 | 405.4
       Dungeon |  90.1 |  90.1 |  -nan |  -nan |  96.6 | 430.6
        Bailey |   9.9 |   9.9 |  -nan |  -nan |   3.4 | 153.0
               +-------+-------+-------+-------+-------+----------------------

Vanquished Creatures
  A hill giant (D:11)
  An ugly thing (D:11)
  A wyvern (D:11)
  4 yaks (D:11)
  A water moccasin (D:8)
  2 orc warriors
  An ogre (D:8)
  A centaur (D:8)
  A phantom (D:8)
  A big kobold (D:9)
  A scorpion (D:8)
  5 giant frogs
  A crimson imp (D:5)
  A jelly (D:5)
  An orc wizard (D:5)
  A quasit (D:6)
  5 iguanas
  A giant frog skeleton (D:6)
  4 hounds
  Jessica (D:3)
  A gnoll shaman (D:6)
  A worker ant (D:8)
  A hound skeleton (D:9)
  6 gnolls (D:6)
  3 adders
  2 giant geckos
  20 orcs
  A bat (D:1)
  7 goblins
  A hobgoblin (D:1)
  A quokka (D:8)
  8 kobolds
  A quokka skeleton (D:8)
  3 rats
91 creatures vanquished.

Notes
Turn   | Place    | Note
--------------------------------------------------------------
     0 | D:1      | gw the Deep Dwarf Fighter began the quest for the Orb.
     0 | D:1      | Reached XP level 1. HP: 20/20 MP: 1/1
   148 | D:1      | Reached XP level 2. HP: 25/27 MP: 2/2
   289 | D:3      | Noticed Jessica
   296 | D:3      | Reached skill level 1 in Evocations
   303 | D:3      | Killed Jessica
   303 | D:3      | Reached XP level 3. HP: 29/34 MP: 3/3
   344 | D:3      | Reached skill level 1 in Throwing
   405 | D:4      | Noticed gw's ghost (weakling DDGl)
   417 | D:5      | Entered Level 5 of the Dungeon
   426 | D:5      | Found a glowing silver altar of Zin.
   427 | D:5      | Found an opulent altar of Gozag.
   475 | D:5      | Reached XP level 4. HP: 42/42 MP: 3/5
   550 | D:5      | Reached XP level 5. HP: 42/49 MP: 6/6
   614 | D:5      | Reached skill level 4 in Shields
   661 | D:6      | Reached XP level 6. HP: 46/56 MP: 7/7
   863 | D:7      | Found a staircase to the Ecumenical Temple.
   883 | D:7      | Reached XP level 7. HP: 33/63 MP: 7/7
   927 | D:8      | Reached skill level 5 in Maces & Flails
  1060 | D:8      | Reached skill level 5 in Shields
  1201 | D:8      | Reached skill level 5 in Armour
  1226 | D:8      | Reached XP level 8. HP: 38/72 MP: 7/7
  1318 | D:8      | Reached skill level 6 in Maces & Flails
  1786 | D:9      | You fall through a shaft for 2 floors!
  1786 | D:11     | Noticed a hill giant
  1809 | D:11     | Killed a hill giant
  1809 | D:11     | Reached skill level 5 in Fighting
  1809 | D:11     | Reached skill level 7 in Maces & Flails
  1856 | D:11     | Gained mutation: You passively map the area around you. [Deep Dwarf growth]
  1856 | D:11     | Reached XP level 9. HP: 49/81 MP: 6/6
  1955 | D:11     | Noticed a cyan ugly thing
  2005 | D:11     | Killed a cyan ugly thing
  2005 | D:11     | Reached skill level 8 in Maces & Flails
  2016 | D:11     | Found a flagged portal.
  2021 | Bailey   | Entered a bailey
  2269 | Bailey   | Noticed an orc knight
  2269 | Bailey   | Noticed an orc knight
  2269 | Bailey   | Noticed an orc knight
  2270 | Bailey   | Noticed an orc knight
  2282 | Bailey   | Slain by an orc knight

Action                   |  1- 3 |  4- 6 |  7- 9 || total
-------------------------+-------+-------+-------++-------
Melee: Flail             |    70 |   208 |   345 ||   623
Throw: Stone             |       |       |    64 ||    64
 Abil: Device Recharging |       |     1 |    10 ||    11
Evoke: Wand              |     2 |     6 |    42 ||    50
  Eat: Chunk             |       |     1 |     5 ||     6

Vault maps used:
D:1:      dpeg_arrival_ratfight, corner_web_ring, fountainhead
D:2:      uniq_terence
D:3:      grunt_temple_overflow_growth_and_decay, old_standard_altar,
          uniq_jessica, uniq_iyjb
D:4:      minmay_door_path, serial_shops, shop, serial_bayou_pond_d,
          uniq_grinder, uniq_robin, uniq_duvessa
D:5:      grunt_temple_overflow_gold_and_silver, first_bread
D:6:      grunt_temple_overflow_lords_of_destruction, feat_on_display
D:7:      minmay_temple_entry_statues_fountains
D:9:      serial_shops, shop
D:11:     zombieorc2_lemuel, enter_bailey_3, grunt_tengu_nest, fungi_pond_lemuel
Bailey:   bailey_polearm_1, bailey
